 Dungeon Crawl Stone Soup version 0.27.1-1-g398f81649c (webtiles) character file.

Game seed: 5666492606108955138

14 pokedragonboy the Digger (level 2, -1/15 HPs)
             Began as a Gargoyle Earth Elementalist on Sept 14, 2021.
             Slain by a kobold (5 damage)
             ... on level 1 of the Dungeon.
             The game lasted 00:01:12 (264 turns).

pokedragonboy the Digger (GrEE)                      Turns: 264, Time: 00:01:13

Health: -1/15      AC:  4    Str: 11    XL:     2   Next: 45%
Magic:  1/5        EV: 11    Int: 15    God:
Gold:   15         SH:  0    Dex: 10    Spells: 4/5 levels left

rFire    . . .     SeeInvis .   e - +0 dagger
rCold    . . .     Faith    .   (no shield)
rNeg     + . .     Spirit   .   b - +0 robe
rPois    ∞         Reflect  .   (no helmet)
rElec    +         Harm     .   (no cloak)
rCorr    .         Rampage  .   (no gloves)
Will     .....                  (no boots)
Stlth    ++........             (no amulet)
HPRegen  0.05/turn              (no ring)
MPRegen  0.09/turn              (no ring)

@: no status effects
A: sickness immunity, AC +2, negative energy resistance 1, electricity
resistance, torment resistance 1, petrification resistance
a: no special abilities


You were on level 1 of the Dungeon.
You visited 1 branch of the dungeon, and saw 1 of its levels.

You collected 15 gold pieces.

Inventory:

Hand Weapons
 e - a +0 dagger (weapon)
Missiles
 c - 21 stones
Armour
 b - a +0 robe (worn)
Scrolls
 d - a scroll of fear {unknown}
Potions
 a - 2 potions of berserk rage {unknown}


   Skills:
 - Level 1.5 Dodging
 - Level 2.1 Stealth
 + Level 2.1 Spellcasting
 + Level 0.8 Conjurations
 - Level 1.0 Transmutations
 * Level 4.1 Earth Magic


You had 4 spell levels left.
You knew the following spells:

 Your Spells              Type           Power      Damage    Failure   Level
a - Sandblast             Erth           28%        2d8       4%          1

Your spell library contained the following spells:

 Spells                   Type           Power      Damage    Failure   Level
 Passwall                 Tmut/Erth      7%         N/A       12%         2
 Stone Arrow              Conj/Erth      18%        3d8       24%         3
 Petrify                  Tmut/Erth      9%         N/A       58%         4


Dungeon Overview and Level Annotations

Branches:
Dungeon (1/15)

Altars:


Innate Abilities, Weirdness & Mutations

You are immune to sickness and miasma.
Your stone body is resilient. (AC +2)
You are immune to poison.
You resist negative energy. (rN+)
You are resistant to electric shocks. (rElec)
You are resistant to unholy torment.
You are immune to petrification.


Message History

A frilled lizard comes into view.
The jackal barely misses you.
You hit the jackal but do no damage.
The jackal is moderately wounded.
The jackal bites you.
You closely miss the jackal.
The jackal is moderately wounded.
The jackal bites you but does no damage.
The jackal barely misses you.
You closely miss the jackal.
The jackal is moderately wounded.
The jackal closely misses you.
You closely miss the jackal.
The jackal is moderately wounded.
The jackal completely misses you.
The blast of sand hits the jackal.
You kill the jackal!
The blast of sand hits the jackal!
You kill the jackal!
The blast of sand misses the hobgoblin.
The blast of sand hits the giant cockroach!
You kill the giant cockroach!
The hobgoblin misses you.
The blast of sand hits the hobgoblin.
You kill the hobgoblin!
The blast of sand hits the frilled lizard.
You kill the frilled lizard!
You are too depleted to draw on your mana recklessly!
Unknown command.
You barely miss the kobold. The kobold hits you but does no damage.
You hit the kobold but do no damage. The kobold closely misses you.
You closely miss the kobold.
The kobold hits you with a +0 short sword.
You hit the kobold but do no damage.
The kobold hits you with a +0 short sword.
* * * LOW HITPOINT WARNING * * *
You barely miss the kobold. The kobold barely misses you.
You miss the kobold.
The kobold hits you with a +0 short sword.
You die...

#. .# ......##≈# #.#...#≈≈#
##.###>## #.#....≈≈.
#........ ##.#>..≈≈≈.
#.(....# .....≈.≈≈≈
#..#)..# #.####......≈≈.
#......# #...@K.....≈≈..
#.≈≈≈..# #.####..#≈.≈≈≈.
##.≈[≈..# #.# #...≈≈.≈.≈
[..≈≈≈..#####.####..#..≈≈≈.
##.......[..........#.≈.≈≈.
....................# ..≈≈.
#.####.##.#.##.###..# .≈≈≈≈
#.# #.##...........# .≈≈.
..# #...............≈ ..g≈


You could see a kobold.

Vanquished Creatures
  A ball python (D:1)
  An endoplasm (D:1)
  A giant cockroach (D:1)
  2 hobgoblins (D:1)
  2 jackals (D:1)
  A kobold (D:1)
  2 bats (D:1)
  A frilled lizard (D:1)
  A rat (D:1)
12 creatures vanquished.

Notes
Turn   | Place    | Note
-------+----------+-------------------------------------------
     0 | D:1      | pokedragonboy the Gargoyle Earth Elementalist began the
                  | quest for the Orb.
     0 | D:1      | Reached XP level 1. HP: 10/10 MP: 3/3
    89 | D:1      | Reached skill level 1 in Transmutations
   164 | D:1      | Reached XP level 2. HP: 11/15 MP: 3/5
   166 | D:1      | Reached skill level 4 in Earth Magic
   264 | D:1      | Slain by a kobold

Illustrated notes

Levels and vault maps discovered:
D:1:      lightli_arrival_flooded_house, layout_loops_ring,
          chequers_ecumenical_altar_island, corexii_item_surrounded_by_moat,
          chequers_serial_rivers_small_3, minmay_pentomino_z4

Skill      XL: |  1  2 |
---------------+-------+-----
Transmutations | 1 |  1.0
Earth Magic    | 4 |  4.1
Dodging        | |  1.5
Stealth        | |  2.1
Spellcasting   | |  2.1
Conjurations   | |  0.8

Action                   || total
-------------------------++-------
Melee: Unarmed           ||    10
       Dagger            ||    16
 Cast: Sandblast         ||    13
Armor: Robe              ||    10
Dodge: Dodged            ||    20
